 Dungeon Crawl Stone Soup version 0.19.5 (webtiles) character file.

185 Azzok the Skirmisher (level 5, -5/35 HPs)
             Began as a Gargoyle Berserker on June 22, 2017.
             Was a Believer of Trog.
             Killed by divine providence
             ... invoked by an orc priest
              (13 damage)
             ... on level 3 of the Dungeon.
             The game lasted 00:03:45 (2398 turns).

Azzok the Skirmisher (Gargoyle Berserker)           Turns: 2398, Time: 00:03:46

Health: -5/35      AC:  8    Str: 22    XL:     5   Next: 64%
Magic:  5/5        EV: 11    Int:  7    God:    Trog [**....]
Gold:   89         SH:  2    Dex:  9    Spells: 0 memorised, 4 levels left

rFire  . . .     SeeInvis .     a - +0 hand axe
rCold  . . .     Gourm    .     b - +0 animal skin
rNeg   + . .     Faith    .     l - +0 buckler
rPois  ∞         Spirit   .     k - +0 helmet
rElec  +         Reflect  .     m - +0 cloak
rCorr  .         Harm     .     (no gloves)
MR     .....                    (no boots)
Stlth  +.........               (no amulet)
                                (no ring)
                                (no ring)

@: no status effects
A: negative energy resistance 1, electricity resistance, unbreathing,
petrification resistance, rot immunity, AC +4
a: Berserk, Trog's Hand, Burn Spellbooks, Renounce Religion


You were on level 3 of the Dungeon.
You worshipped Trog.
Trog was pleased with you.
You were not hungry.

You visited 1 branch of the dungeon, and saw 3 of its levels.

You collected 89 gold pieces.

Inventory:

Hand Weapons
 a - a +0 hand axe (weapon)
Armour
 b - a +0 animal skin (worn)
 k - a +0 helmet (worn)
 l - a +0 buckler (worn)
 m - a +0 cloak (worn)
Scrolls
 e - 2 scrolls of teleportation {unknown}
 f - a scroll of identify {unknown}
 j - 3 scrolls of remove curse {unknown}
Potions
 d - a potion of magic {unknown}
 i - 2 potions of degeneration {unknown}
 n - a potion of curing {unknown}
 o - 2 potions of might {unknown}
 p - a potion of heal wounds {unknown}
Comestibles
 c - 2 bread rations {@e1}
 g - 4 chunks of flesh {@w0}
 h - a beef jerky


   Skills:
 + Level 5.3 Fighting
 + Level 4.3 Axes
 - Level 2.1 Armour
 - Level 1.5 Dodging


You had 4 spell levels left.
You didn't know any spells.

Dungeon Overview and Level Annotations

Branches:
Dungeon (3/15)

Altars:
Cheibriados
Trog
Yredelemnul


Innate Abilities, Weirdness & Mutations

You are resistant to torment.
Your stone body is resilient. (AC +4)
You are immune to poison.
You resist negative energy. (rN+)
You are resistant to electric shocks. (rElec)
You can survive without breathing.
You are immune to petrification.
You are immune to rotting.


Message History

Beogh smites you! The orc closely misses you. The goblin barely misses you.
You take 10 damage, and have 24/35 hp.
MASSIVE DAMAGE!!
You closely miss the orc priest.
The orc priest is heavily wounded.
You hit the orc.
You kill the orc!
Trog accepts your kill.
You hit the goblin.
The orc priest calls down the wrath of Beogh upon you.
Beogh smites you!
* * * LOW HITPOINT WARNING * * *
The goblin hits you.
* * * LOW HITPOINT WARNING * * *
You take 16 damage, and have 8/35 hp.
MASSIVE DAMAGE!!
You hit the orc priest but do no damage.
The orc priest is heavily wounded.
You hit the goblin but do no damage.
The orc priest calls down the wrath of Beogh upon you.
Beogh smites you!
You die...

···················▒▒▒··
··▒················▒▒▒··
························
··········)·············
····▒·▒····▒▒▒▒▒··(·····
·····_··▒▒▒▒▒▒▒▒········
····▒·▒·······▒▒········
··············▒▒······▒▒
···▒▒$o@···?··▒·······▒
·· ▒··g)·····▒·▒▒▒▒▒▒▒▒
· ▒·········▒·········
▒·········▒·▒▒▒▒·▒▒▒
▒·········▒·▒··'·'··
▒·········▒·▒··▒·▒··
▒·········▒·▒'▒▒·▒'▒
··········▒·········
▒·▒'▒▒·▒'▒


You could see an orc priest and a goblin.

Vanquished Creatures
  The ghost of Azzok the Skirmisher, an amateur GrBe of Trog (D:3)
  An adder (D:2)
  A dart slug (D:1)
  2 leopard geckos
  2 orcs (D:3)
  3 giant cockroaches
  9 goblins
  9 hobgoblins
  2 jackals (D:1)
  4 kobolds
  A quokka (D:2)
  3 bats
  3 frilled lizards
  4 rats
45 creatures vanquished.

Notes
Turn   | Place    | Note
-------+----------+-------------------------------------------
     0 | D:1      | Azzok the Gargoyle Berserker began the quest for the Orb.
     0 | D:1      | Reached XP level 1. HP: 14/14 MP: 1/1
   533 | D:1      | Reached XP level 2. HP: 19/19 MP: 2/2
  1401 | D:2      | Reached skill level 4 in Fighting
  1519 | D:2      | Reached XP level 3. HP: 24/24 MP: 3/3
  1897 | D:3      | Reached ** piety under Trog
  1917 | D:3      | Found a basalt altar of Yredelemnul.
  1918 | D:3      | Noticed Azzok's ghost (amateur GrBe)
  1934 | D:3      | Killed Azzok's ghost
  1934 | D:3      | Reached skill level 5 in Fighting
  1934 | D:3      | Reached XP level 4. HP: 24/31 MP: 4/4
  1934 | D:3      | Reached XP level 5. HP: 27/35 MP: 5/5
  1993 | D:3      | Found a bloodstained altar of Trog.
  2065 | D:3      | Found a snail-covered altar of Cheibriados.
  2398 | D:3      | Killed from afar by an orc priest

Skill      XL: |  1  2  3 |
---------------+----------+-----
Axes           | 3 4 |  4.3
Fighting       | 4 5 |  5.3
Armour         | |  2.1
Dodging        | |  1.5

Action                   |  1- 3 |  4- 6 || total
-------------------------+-------+-------++-------
Melee: Hand axe          |   146 |    39 ||   185
Invok: Berserk           |     1 |       ||     1
 Stab: Sleeping          |       |     1 ||     1
  Eat: Chunk             |     3 |     3 ||     6
Armor: Animal skin       |    43 |    19 ||    62
Dodge: Dodged            |   115 |    24 ||   139
Block: Buckler           |     5 |     6 ||    11
